 Dungeon Crawl Stone Soup version 0.31-a0-1204-ge2c1a860ed (webtiles) character file.

Game seed: 1438845142578369459

56 Anonymone the Stinger (level 3, -21/24 HPs)
             Began as a Demonspawn Venom Mage on Dec 13, 2023.
             Killed by an exploding Natasha (29 damage)
             ... ignited by their inner flame
             ... on level 2 of the Dungeon.
             The game lasted 00:02:45 (1541 turns).

Anonymone the Stinger (Demonspawn Venom Mage)       Turns: 1541, Time: 00:02:46

Health: -21/24     AC:  3    Str: 14    XL:     3   Next: 69%
Magic:  4/7        EV: 12    Int: 17    God:
Gold:   33         SH:  0    Dex: 13    Spells: 4/7 levels left

rFire   . . .        (no weapon)
rCold   . . .        (no shield)
rNeg    . . .        a - +0 robe
rPois   .            (no helmet)
rElec   .            (no cloak)
rCorr   .            (no gloves)
SInv    .            (no boots)
Will    +....        (no amulet)
Stlth   ++           e - +6 ring of strength
HPRegen 1.04/turn    (no ring)
MPRegen 0.10/turn

%: no passive effects
@: attractive, enlightened, flying
A: hooves 1, rugged brown scales 1, deterioration 1, regeneration 1
a: no special abilities


You were on level 2 of the Dungeon.
You visited 1 branch of the dungeon, and saw 2 of its levels.

You collected 33 gold pieces.

Inventory:

Armour
 a - a +0 robe (worn)
 g - a +0 helmet
Jewellery
 e - a +6 ring of strength (left hand)
Potions
 b - a potion of magic
 d - a potion of attraction


   Skills:
 - Level 1.7 Dodging
 - Level 1.7 Stealth
 - Level 2.7 Spellcasting
 - Level 0.8 Transmutations
 * Level 1.5 Air Magic
 - Level 3.6 Poison Magic


You had 4 spell levels left.
You knew the following spells:

 Your Spells              Type           Power      Damage    Failure   Level
a - Sting                 Tmut/Pois      36%        1d4       7%          1
b - Poisonous Vapours     Pois/Air       22%        N/A       10%         2

Your spell library contained the following spells:

 Spells                   Type           Power      Damage    Failure   Level
 Mephitic Cloud           Conj/Pois/Air  8%         N/A       26%         3
 Olgreb's Toxic Radiance  Pois           14%        N/A       36%         4


Dungeon Overview and Level Annotations

Branches:
Dungeon (2/15)

Altars:


Innate Abilities, Weirdness & Mutations

You have large cloven feet.
You are partially covered in rugged brown scales. (AC +1, +3% HP)
Your body sometimes deteriorates upon taking damage.
Your natural rate of healing is unusually fast.


Message History

The sting hits Natasha but does no damage.
Natasha looks even sicker.
Natasha is lightly wounded.
Natasha claws you.
The sting hits Natasha.
Natasha looks even sicker.
Natasha is moderately wounded.
Natasha claws you.
You are too injured to fight recklessly!
You are too injured to fight recklessly!
You are too injured to fight recklessly!
You are too injured to fight recklessly!
You are too injured to fight recklessly!
Natasha claws you.
Natasha stares at you and mumbles some strange words.
The magic dart hits you.
* * * LOW HITPOINT WARNING * * *
Your magical contamination has completely faded away.
You see here a +0 short sword.
Okay, then.
It was a potion of cancellation.
You feel magically purged.
It was a potion of attraction.
You feel attractive to monsters. Natasha closely misses you.
It was a potion of enlightenment.
You feel very buoyant.
You fly up into the air.
Natasha claws you.
* * * LOW HITPOINT WARNING * * *
It was a potion of mutation.
You feel extremely strange.
You feel yourself wasting away.
You begin to heal more quickly.
Natasha closely misses you.
Okay, then.
As you read the scroll labelled PASUYBRAOPN, it crumbles to dust.
The creatures around you are filled with an inner flame!
It was a scroll of immolation.
Flame seeps out of Natasha.
Natasha is engulfed in blazing flames.
Natasha screams in fury as she dies!
Natasha explodes!
The fiery explosion engulfs you!!
Ouch! That really hurt!
You die...

##.#.##
#.###.#
##.#.##
#.#h#.#
##.#.##
#h###.#
##.#§##
#..###.#○#.#
#.....@§§.#
###########


There were no monsters in sight!

Vanquished Creatures
  Natasha (twice) (D:2)
  A dart slug (D:1)
  2 bats (D:1)
  3 endoplasms
  A giant cockroach (D:2)
  2 goblins
  A hobgoblin (D:1)
  3 jackals (D:1)
  2 quokkas (D:1)
  3 ball pythons (D:1)
  2 frilled lizards
  3 kobolds (D:1)
  3 rats (D:1)
28 creatures vanquished.

Notes
Turn   | Place    | Note
-------+----------+-------------------------------------------
     0 | D:1      | Anonymone the Demonspawn Venom Mage began the quest for the
                  | Orb.
     0 | D:1      | Reached XP level 1. HP: 13/13 MP: 3/3
   344 | D:1      | Gained mutation: You have large cloven feet. [demonic
                  | ancestry]
   344 | D:1      | Reached XP level 2. HP: 19/19 MP: 0/5
  1315 | D:2      | Gained mutation: You are partially covered in rugged brown
                  | scales. (AC +1, +3% HP) [demonic ancestry]
  1315 | D:2      | Reached XP level 3. HP: 19/24 MP: 0/7
  1318 | D:2      | Learned a level 2 spell: Poisonous Vapours
  1454 | D:2      | Noticed Natasha
  1463 | D:2      | Killed Natasha
  1464 | D:2      | Reached skill level 1 in Air Magic
  1527 | D:2      | Noticed Natasha
  1540 | D:2      | Gained mutation: Your body sometimes deteriorates upon
                  | taking damage. [potion of mutation]
  1540 | D:2      | Gained mutation: Your natural rate of healing is unusually
                  | fast. [potion of mutation]
  1541 | D:2      | Killed Natasha
  1541 | D:2      | Killed by an exploding Natasha... ignited by their inner
                  | flame

Illustrated notes

Levels and vault maps discovered:
D:1:      eino_arrival_cavern_a, layout_basic
D:2:      layout_basic, basic_altar, roderic_roman_lattice, minmay_circle_x,
          uniq_natasha

Skill      XL: |  1  2  3 |
---------------+----------+-----
Air Magic      | 1 |  1.5
Dodging        | |  1.7
Stealth        | |  1.7
Spellcasting   | |  2.7
Transmutations | |  0.8
Poison Magic   | |  3.6

Action                     || total
---------------------------++-------
  Melee: Unarmed           ||     6
         Kick              ||     1
   Cast: Sting             ||    61
    Use: Potion            ||     4
         Scroll            ||     1
 Armour: Robe              ||    24
  Dodge: Dodged            ||    19

Table legend: (Time is in decaauts)
 A = Elapsed time spent in this place.
 B = Non-inter-level travel time spent in this place.
 C = Inter-level travel time spent in this place.
 D = Time resting spent in this place.
 E = Time spent auto-exploring this place.
 F = Levels seen in this place.
 G = Mean time per level.
                   A        B        C        D        E       F      G
               +--------+--------+--------+--------+--------+-----+--------+
         Total |   1540 |   1498 |     42 |    100 |   1175 |   2 |  770.0 |
       Dungeon |   1540 |   1498 |     42 |    100 |   1175 |   2 |  770.0 |
               +--------+--------+--------+--------+--------+-----+--------+

Top non-repeatable levels by time:
     D:1: 1238 daAuts
     D:2: 301 daAuts
